 Dungeon Crawl Stone Soup version 0.23.1 (webtiles) character file.

Game seed: 11843950024061644881

756 Revguard the Covert (level 7, 0/35 HPs)
             Began as a Spriggan Assassin on Mar 5, 2019.
             Was a Believer of Nemelex Xobeh.
             Killed by divine providence
             ... invoked by an orc priest
              (13 damage)
             ... on level 4 of the Dungeon.
             The game lasted 00:17:34 (3603 turns).

Revguard the Covert (Spriggan Assassin)             Turns: 3603, Time: 00:17:37

Health: 0/35       AC:  3    Str:  7    XL:     7   Next: 50%
Magic:  8/8        EV: 20    Int: 13    God:    Nemelex Xobeh [**....]
Gold:   166        SH:  0    Dex: 19    Spells: 6/6 levels left

rFire    x . .     SeeInvis +   f - +2 short sword (speed)
rCold    + . .     Gourm    .   (shield restricted)
rNeg     . . .     Faith    .   c - +0 robe
rPois    .         Spirit   .   (helmet restricted)
rElec    .         Reflect  .   d - +0 cloak
rCorr    .         Harm     .   (gloves unavailable)
MR       +....                  (boots unavailable)
Stlth    ++++......             l - amulet of rage
HPRegen  0.11/turn              e - +1 ring of evasion
MPRegen  0.11/turn              x - ring of ice (curse)

@: very quick
A: very small, unfitting armour, see invisible, herbivore, speed 3, slow
metabolism 2
a: Draw Escape, Draw Destruction, Draw Summoning, Renounce Religion, Evoke
Berserk Rage


You were on level 4 of the Dungeon.
You worshipped Nemelex Xobeh.
Nemelex Xobeh was pleased with you.
You were very hungry.

You visited 1 branch of the dungeon, and saw 4 of its levels.

You collected 166 gold pieces.

Inventory:

Hand Weapons
 a - a +2 dagger
 f - a +2 short sword of speed (weapon)
 m - a +1 shortbow of velocity
Missiles
 o - 31 arrows
Armour
 c - a +0 robe (worn)
 d - a +0 cloak (worn)
Jewellery
 e - a +1 ring of evasion (left hand)
 l - an amulet of rage (around neck)
 x - a cursed ring of ice (right hand)
Wands
 u - a wand of iceblast (6)
 v - a wand of flame (12)
Scrolls
 b - a scroll of random uselessness {unknown}
 h - a scroll of amnesia {unknown}
 i - a scroll of blinking {unknown}
 j - 4 scrolls of teleportation {unknown}
 k - a scroll of enchant armour {unknown}
 n - a scroll of noise {unknown}
 p - 2 scrolls of magic mapping {unknown}
 q - 2 scrolls of identify {unknown}
 t - a scroll of fear {unknown}
Potions
 r - a potion of might {unknown}
 s - a potion of brilliance {unknown}
 w - a potion of ambrosia {unknown}
 z - a potion of curing {unknown}
 A - a potion of mutation {unknown}
 B - a potion of degeneration {unknown}
Comestibles
 g - 6 rations


   Skills:
 + Level 2.9 Fighting
 + Level 5.1 Short Blades
 * Level 2.9 Bows
 - Level 3.1 Throwing
 + Level 3.5 Dodging
 + Level 9.3 Stealth
 - Level 0.6 Evocations


You had 6 spell levels left.
You didn't know any spells.
Your spell library was empty.

Dungeon Overview and Level Annotations

Branches:
Dungeon (4/15)
 Temple: D:4-7

Altars:
Elyvilon
Gozag
Nemelex Xobeh
Ru
Trog
Xom
Zin
The Shining One


Innate Abilities, Weirdness & Mutations

You are very small and have problems with some larger weapons.
You are too small for most types of armour.
You have supernaturally acute eyesight. (SInv)
You are a herbivore.
You cover ground extremely quickly.
You need to consume almost no food.


Message History

The orc priest calls down the wrath of Beogh upon you.
Beogh smites you!
Evoke which item? (* to show all) (? for menu, Esc to quit)
Aiming: Iceblast
Press: ? - help, Shift-Dir - straight line, f - orc priest
Aim: an orc priest The mass of ice explodes!
The iceblast engulfs the orc priest!
The orc priest is heavily wounded.
The iceblast engulfs the orc priest!!
You kill the orc priest!
The iceblast engulfs the ogre!
The ogre is heavily wounded.
You hear a bark!
Your centaur wields a +0 shortbow.
Your centaur shoots an arrow.
The arrow hits the ogre!
The arrow disappears in a puff of smoke!
The orc priest calls down the wrath of Beogh upon you.
Beogh smites you!
You die...
Your body disappears without a glow.

..........<.........####..#######
####.#....#.......#..#...## #....
#.##............#....## ##.###
#...............##.#.# ##..# #
..###...........##.#.###..## #
..# #.#.>.......##.#...#.## #
##.. #...........#.>###.#.# #
####..........##.....# #
##....@....#..#..##
####........##..# ##...)........#
###..o†c...........
.....O.c)..........
...##..............#
....................
....................
.......##.........#


You could see an ogre, an orc priest and 2 friendly centaurs.

Vanquished Creatures
  Grinder (D:3)
  Sigmund (D:3)
  A sky beast (D:2)
  A centaur (D:2)
  An orc priest (D:4)
  A worker ant (D:4)
  4 adders (D:2)
  3 gnolls (D:2)
  2 oozes
  5 worms
  4 leopard geckos
  An orc (D:4)
  A giant cockroach (D:1)
  7 goblins
  11 hobgoblins
  10 kobolds
  5 quokkas
  3 bats
  6 frilled lizards
  12 rats
80 creatures vanquished.

Vanquished Creatures (collateral kills)
  An orc (D:4)
1 creature vanquished.

Grand Total: 81 creatures vanquished

Notes
Turn   | Place    | Note
-------+----------+-------------------------------------------
     0 | D:1      | Revguard the Spriggan Assassin began the quest for the Orb.
     0 | D:1      | Reached XP level 1. HP: 10/10 MP: 2/2
    61 | D:1      | Reached skill level 6 in Stealth
   122 | D:1      | Reached XP level 2. HP: 11/14 MP: 3/3
  1094 | D:2      | Reached skill level 7 in Stealth
  1094 | D:2      | Reached XP level 3. HP: 18/18 MP: 4/4
  1313 | D:2      | Noticed a sky beast
  1353 | D:2      | Killed a sky beast
  1353 | D:2      | Reached XP level 4. HP: 7/23 MP: 5/5
  1353 | D:2      | Reached XP level 5. HP: 8/26 MP: 6/6
  1625 | D:2      | Found a glowing golden altar of the Shining One.
  1626 | D:2      | Found a glowing silver altar of Zin.
  1627 | D:2      | Found a white marble altar of Elyvilon.
  1865 | D:2      | Noticed a centaur
  1879 | D:2      | Killed a centaur
  1879 | D:2      | Reached skill level 8 in Stealth
  2103 | D:2      | Found an opulent altar of Gozag.
  2114 | D:2      | Found a sacrificial altar of Ru.
  2170 | D:2      | Reached XP level 6. HP: 32/32 MP: 7/7
  2410 | D:2      | Found a shimmering altar of Xom.
  2660 | D:3      | Noticed Sigmund
  2667 | D:3      | Killed Sigmund
  2667 | D:3      | Reached skill level 1 in Bows
  2858 | D:3      | Found a faded altar of an unknown god.
  2861 | D:3      | Became a worshipper of Nemelex Xobeh the Trickster
  2861 | D:3      | Received a gift from Nemelex Xobeh
  2861 | D:3      | Reached * piety under Nemelex Xobeh
  3022 | D:3      | Noticed Grinder
  3034 | D:3      | Killed Grinder
  3034 | D:3      | Reached skill level 9 in Stealth
  3034 | D:3      | Reached XP level 7. HP: 28/35 MP: 8/8
  3103 | D:3      | Received a gift from Nemelex Xobeh
  3168 | D:4      | Reached skill level 5 in Short Blades
  3266 | D:4      | Noticed a moth of wrath
  3269 | D:4      | Found a bloodstained altar of Trog.
  3269 | D:4      | Reached ** piety under Nemelex Xobeh
  3603 | D:4      | Killed from afar by an orc priest

Skill      XL: |  1  2  3  4  5  6  7 |
---------------+----------------------+-----
Stealth        | 6 7 8 9 |  9.3
Dodging        | 2 3 |  3.5
Fighting       | 2 |  2.9
Short Blades   | 3 4 5 |  5.1
Throwing       | 3 |  3.1
Bows           | 2 |  2.9
Evocations     | |  0.6

Action                   |  1- 3 |  4- 6 |  7- 9 || total
-------------------------+-------+-------+-------++-------
Melee: Dagger            |    81 |    15 |       ||    96
       Short sword       |       |    99 |    36 ||   135
 Fire: Blowgun           |    21 |     4 |       ||    25
       Shortbow          |       |     5 |       ||     5
 Abil: Evoke Berserk Rag |       |     1 |       ||     1
       Draw Destruction  |       |       |     3 ||     3
       Draw Escape       |       |       |     1 ||     1
       Draw Summoning    |       |       |     1 ||     1
Evoke: Wand              |       |       |     2 ||     2
  Use: Potion            |       |     1 |       ||     1
 Stab: Sleeping          |     8 |    15 |     2 ||    25
Armor: Robe              |     3 |     9 |     1 ||    13
Dodge: Dodged            |    44 |    70 |    13 ||   127
